 Dungeon Crawl Stone Soup version 0.30-a0-743-gbfdf073431 (webtiles) character file.

Game seed: 9660064914265758316

0 jimonade the Ducker (level 1, 0/17 HPs)
             Began as a Demigod Gladiator on Feb 6, 2023.
             Slain by a quokka (2 damage)
             ... on level 1 of the Dungeon.
             The game lasted 00:00:13 (33 turns).

jimonade the Ducker (Demigod Gladiator)               Turns: 33, Time: 00:00:13

Health: 0/17       AC:  4    Str: 15    XL:     1   Next: 0%
Magic:  3/3        EV: 12    Int: 10    God:
Gold:   0          SH:  0    Dex: 15    Spells: 0/0 levels left

rFire   . . .      SeeInvis .    a - +0 rapier
rCold   . . .      Faith    .    (no shield)
rNeg    . . .      Spirit   .    b - +0 leather armour
rPois   .          Reflect  .    c - +0 helmet
rElec   .          Harm     .    (no cloak)
rCorr   .          Rampage  .    (no gloves)
Will    .....                    (no boots)
Stlth   +                        (no amulet)
HPRegen 0.22/turn                (no ring)
MPRegen 0.08/turn                (no ring)

@: no status effects
A: high MP 1, forlorn, divine attributes
a: no special abilities


You were on level 1 of the Dungeon.
You visited 1 branch of the dungeon, and saw 1 of its levels.

Inventory:

Hand Weapons
 a - a +0 rapier (weapon)
Missiles
 d - 3 throwing nets (quivered)
 e - a javelin
Armour
 b - a +0 leather armour (worn)
 c - a +0 helmet (worn)


   Skills:
 + Level 1.7 Fighting
 * Level 2.6 Short Blades
 + Level 1.7 Throwing
 + Level 2.6 Dodging


You couldn't memorise any spells.
You didn't know any spells.
Your spell library was empty.

Dungeon Overview and Level Annotations

Branches:
Dungeon (1/15)


Innate Abilities, Weirdness & Mutations

You have an increased reservoir of magic. (+10% MP)
You shall have no god before yourself.
Your divine heritage dramatically boosts your attributes as you level up.


Message History

You barely miss the quokka.
The quokka is severely wounded.
The quokka bites you but does no damage.
The rat bites you.
You barely miss the quokka.
The quokka is severely wounded.
The quokka bites you. The rat closely misses you.
You miss the quokka.
The quokka is severely wounded.
The quokka closely misses you. The rat bites you. The quokka misses you.
You are too injured to fight recklessly!
You are too injured to fight recklessly!
You are too injured to fight recklessly!
You are too injured to fight recklessly!
You are too injured to fight recklessly!
You barely miss the quokka.
The quokka is severely wounded.
The rat bites you but does no damage. The quokka bites you.
You miss the quokka.
The quokka is severely wounded.
The rat bites you. The quokka bites you.
* * * LOW HITPOINT WARNING * * *
You hit the quokka but do no damage.
The quokka is severely wounded.
The quokka bites you.
* * * LOW HITPOINT WARNING * * *
The rat closely misses you.
You miss the quokka.
The quokka is severely wounded.
The quokka closely misses you. The rat bites you but does no damage.
The quokka bites you but does no damage.
You completely miss the quokka.
The quokka is severely wounded.
The rat bites you.
* * * LOW HITPOINT WARNING * * *
The quokka closely misses you.
You puncture the rat!
You kill the rat!
The quokka bites you.
You die...

###.. #.... #.# #.#.#
#.# #.#.# ###+#+#.#
#.#.#
#.......#.#.#.#######
#.......#.#.#.r......
#.......#....@.......
#.......###.#########
#...........#
#......######
######.#+###...
.............#
#######'######
#♣~.~~♣♣~# +.....~~~#


You could see a quokka.

Vanquished Creatures
  A rat (D:1)
1 creature vanquished.

Notes
Turn   | Place    | Note
-------+----------+-------------------------------------------
     0 | D:1      | jimonade the Demigod Gladiator began the quest for the Orb.
     0 | D:1      | Reached XP level 1. HP: 17/17 MP: 3/3
    33 | D:1      | Slain by a quokka

Illustrated notes

Levels and vault maps discovered:
D:1:      tarquinn_simple_flora_water_f, layout_basic, minmay_tetromino_l4

Action                     || total
---------------------------++-------
  Melee: Rapier            ||    14
 Armour: Leather armour    ||     5
  Dodge: Dodged            ||    11

Table legend: (Time is in decaauts)
 A = Elapsed time spent in this place.
 B = Non-inter-level travel time spent in this place.
 C = Inter-level travel time spent in this place.
 D = Time resting spent in this place.
 E = Time spent auto-exploring this place.
 F = Levels seen in this place.
 G = Mean time per level.
                   A        B        C        D        E       F      G
               +--------+--------+--------+--------+--------+-----+--------+
         Total |     33 |     33 |      0 |      0 |     17 |   1 |   33.0 |
       Dungeon |     33 |     33 |      0 |      0 |     17 |   1 |   33.0 |
               +--------+--------+--------+--------+--------+-----+--------+

Top non-repeatable levels by time:
     D:1: 33 daAuts
